 Dungeon Crawl Stone Soup version 0.30.1 (webtiles) character file.

Game seed: 9393717073301653194

2885 safid the Frost Mage (level 9, -1/69 (74) HPs)
             Began as a Merfolk Ice Elementalist on July 5, 2023.
             Was an Initiate of Vehumet.
             Slain by a wight
             ... wielding a +5 dire flail of freezing
              (13 damage)
             ... on level 7 of the Dungeon.
             The game lasted 00:17:15 (8381 turns).

safid the Frost Mage (Merfolk Ice Elementalist)     Turns: 8381, Time: 00:17:16

HP:   -1/69 (74)    AC: 14    Str:  8    XL:     9   Next: 77%
MP:   3/19          EV: 12    Int: 18    God:    Vehumet [......]
Gold: 481           SH:  0    Dex: 15    Spells: 6/22 levels left

rFire   + . .        E - +3 dagger (pain)
rCold   . . .        (no shield)
rNeg    + . .        a - +0 robe
rPois   .            d - +0 helmet
rElec   .            k - +0 cloak
rCorr   .            G - +0 pair of gloves
SInv    .            A - +0 pair of boots
Will    .....        (no amulet)
Stlth   ++           n - ring of positive energy
HPRegen 0.31/turn    D - ring of protection from fire
MPRegen 0.16/turn

%: no passive effects
@: ice-armoured, freezing walls, drained
A: (nimble swimmer 2), mertail
a: Renounce Religion


You were on level 7 of the Dungeon.
You worshipped Vehumet.
Vehumet was noncommittal.
You visited 2 branches of the dungeon, and saw 8 of its levels.
You also visited: Sewer.

You collected 481 gold pieces.

Inventory:

Hand Weapons
 E - a +3 dagger of pain (weapon)
Armour
 a - a +0 robe (worn)
 d - a +0 helmet (worn)
 k - a +0 cloak (worn)
 A - a +0 pair of boots (worn)
 G - a +0 pair of gloves (worn)
Jewellery
 n - a ring of positive energy (left hand)
 o - an amulet of reflection
 t - a ring of flight
 D - a ring of protection from fire (right hand)
 H - a ring of see invisible
Wands
 p - a wand of charming (10)
 F - a wand of flame (10)
Scrolls
 b - a scroll of summoning
 c - a scroll of fear
 i - a scroll of enchant weapon
 l - 2 scrolls of magic mapping
 m - a scroll of teleportation
 q - a scroll of enchant armour
 u - a scroll of blinking {unknown}
 w - a scroll of brand weapon {unknown}
 y - a scroll of fog {unknown}
 B - a scroll of amnesia {unknown}
Potions
 e - a potion of resistance {unknown}
 f - 3 potions of attraction {unknown}
 g - 3 potions of haste {unknown}
 h - a potion of degeneration {unknown}
 j - a potion of might {unknown}
 r - a potion of magic
 s - 4 potions of brilliance {unknown}
 v - a potion of berserk rage {unknown}
 x - a potion of invisibility {unknown}
 z - 2 potions of heal wounds {unknown}
 C - 3 potions of curing {unknown}


   Skills:
 + Level 8.0 Fighting
 - Level 2.6 Dodging
 - Level 2.1 Stealth
 + Level 7.0 Spellcasting
 + Level 2.4 Translocations
 + Level 9.2 Ice Magic


You had 6 spell levels left.
You knew the following spells:

 Your Spells              Type           Power      Damage    Failure   Level
a - Freeze                Ice            100%       1d10      1%          1
b - Frozen Ramparts       Ice            78%        1d12      1%          3
c - Ozocubu's Armour      Ice            39%        N/A       1%          3
d - Ozocubu's Refrigerat  Ice            19%        4d11      90%         7
e - Blink                 Tloc           30%        N/A       6%          2

Your spell library contained the following spells:

 Spells                   Type           Power      Damage    Failure   Level
 Lesser Beckoning         Tloc           30%        N/A       6%          2
 Momentum Strike          Conj/Tloc      20%        3d8       10%         2
 Magic Dart               Conj           24%        1d4       11%         1
 Gell's Gravitas          Tloc           15%        N/A       12%         3
 Teleport Other           Tloc           15%        N/A       12%         3
 Call Imp                 Summ           12%        N/A       16%         2
 Cigotuvi's Dreadful Rot  Necr/Pois/Air  12%        N/A       16%         2
 Sublimation of Blood     Necr           6%         N/A       16%         2
 Wereblood                Tmut           6%         N/A       16%         2
 Summon Ice Beast         Ice/Summ       22%        N/A       16%         4
 Mephitic Cloud           Conj/Pois/Air  6%         N/A       32%         3
 Dispel Undead            Necr           6%         3d8       71%         4
 Iskenderun's Battlesphe  Conj           6%         2d6       96%         5
 Dispersal                Tloc           7%         N/A       99%         6
 Death Channel            Necr           3%         N/A       100%        6
 Iron Shot                Conj/Erth      3%         9d2       100%        6
 Spellforged Servitor     Conj/Summ      3%         N/A       100%        7
 Summon Hydra             Summ           3%         N/A       100%        7


Dungeon Overview and Level Annotations

Branches:
Dungeon (7/15)             Temple (1/1) D:7           Sewer (visited)

Altars:
Ashenzari
Dithmenos
Elyvilon
Fedhas
Hepliaklqana
Kikubaaqudgha
Nemelex Xobeh
Qazlal
Sif Muna
Trog
Uskayaw
Vehumet
Wu Jian
Xom
Zin
The Shining One

Shops:
D:2 ::

Annotations:
D:5 exclusion: ice beast
D:6 exclusion: ice beast


Innate Abilities, Weirdness & Mutations

((You are very nimble when in or above water. (Stealth+, EV+, Speed+++)))
Your lower body shifts to a powerful aquatic tail in water.


Message History

Casting: Frozen Ramparts (safe; 1% risk of failure)
Confirm with . or Enter, or press ? or * to list all spells.
Aiming: Freeze (safe; 1% risk of failure)
Press: ? - help, Shift-Dir - straight line, f - wight
Aim: a wight, wielding a +5 dire flail of freezing and wearing a +0 robe (almost destroyed)
You freeze the wight but do no damage.
The wight completely resists.
The wight resists.
The wall freezes the wight.
The wight closely misses you.
Unknown command.
Casting: Freeze (safe; 1% risk of failure)
Confirm with . or Enter, or press ? or * to list all spells.
Aiming: Freeze (safe; 1% risk of failure)
Press: ? - help, Shift-Dir - straight line, f/p - wight
Aim: a wight, wielding a +5 dire flail of freezing and wearing a +0 robe (almost destroyed)
You freeze the wight but do no damage.
The wight completely resists. x2
The wall freezes the wight but does no damage.
The wight closely misses you.
Casting: Freeze (safe; 1% risk of failure)
Confirm with . or Enter, or press ? or * to list all spells.
Aiming: Freeze (safe; 1% risk of failure)
Press: ? - help, Shift-Dir - straight line, f/p - wight
Aim: a wight, wielding a +5 dire flail of freezing and wearing a +0 robe (almost destroyed)
You freeze the wight.
The wight resists.
The wight is almost destroyed.
The wight completely resists.
The wall freezes the wight but does no damage.
The wight hits you with a +5 dire flail of freezing!
* * * LOW HITPOINT WARNING * * *
You partially resist.
You feel drained.
* * * LOW HITPOINT WARNING * * *
The wight freezes you.
* * * LOW HITPOINT WARNING * * *
Casting: Freeze (safe; 1% risk of failure)
Confirm with . or Enter, or press ? or * to list all spells.
Aiming: Freeze (safe; 1% risk of failure)
Press: ? - help, Shift-Dir - straight line, f/p - wight
Aim: a wight, wielding a +5 dire flail of freezing and wearing a +0 robe (almost destroyed)
You freeze the wight but do no damage.
The wight completely resists. x2
The wall freezes the wight but does no damage.
The wight hits you with a +5 dire flail of freezing!
You die...

#.##.# ## ####.##.#
.# #.......# .#
#.#####.#
.##########)# #.#
............# #.#
.......####.# #.#
............#####.#
..####.####...)z@.#
..# #.# ###.#####
..# #.# #..#
#.####.#######.#
#.#............#
#.#.≈≈≈≈≈≈≈≈≈..#
#...≈.......≈..#
....≈.#.###.≈..#
#...≈.#...#.≈..#


You could see a wight.

Vanquished Creatures
  Prince Ribbit (D:7)
  Sigmund (D:3)
  6 yaks (D:6)
  Menkaure (D:6)
  A black bear (D:5)
  An orc warrior (D:7)
  2 ice beasts
  A centaur (D:7)
  A bullfrog (D:7)
  2 scorpions
  2 wights (D:7)
  3 howler monkeys (D:7)
  2 jellies (D:7)
  An orc priest (D:7)
  3 hounds
  3 iguanas
  2 sleepcaps
  4 orc wizards
  12 adders
  3 gnolls (D:6)
  2 river rats (D:4)
  A white imp (D:7)
  2 ufetubi
  A worm (D:5)
  A dart slug (D:1)
  16 orcs
  5 bats (D:1)
  6 endoplasms
  11 giant cockroaches
  2 goblins (D:3)
  7 hobgoblins
  3 jackals
  3 quokkas
  14 ball pythons
  9 frilled lizards
  3 kobolds
  5 rats
143 creatures vanquished.

Notes
Turn   | Place    | Note
-------+----------+-------------------------------------------
     0 | D:1      | safid the Merfolk Ice Elementalist began the quest for the
                  | Orb.
     0 | D:1      | Reached XP level 1. HP: 13/13 MP: 3/3
   210 | D:1      | Reached XP level 2. HP: 20/20 MP: 0/5
   278 | D:1      | Reached skill level 1 in Fighting
   970 | D:2      | Reached XP level 3. HP: 26/26 MP: 6/6
   974 | D:2      | Learned a level 3 spell: Frozen Ramparts
  1362 | D:2      | Found Dilinist's Book Boutique.
  1395 | D:2      | Noticed a walking frostbound tome
  1416 | D:2      | Found Ticutec's Book Boutique.
  1418 | D:2      | Noticed a walking earthen tome
  1537 | D:2      | Reached skill level 5 in Ice Magic
  1537 | D:2      | Reached XP level 4. HP: 32/33 MP: 4/8
  1916 | D:3      | Noticed Sigmund
  1931 | D:3      | Killed Sigmund
  1932 | D:3      | Reached XP level 5. HP: 19/41 MP: 6/10
  1932 | D:3      | Reached XP level 6. HP: 22/47 MP: 6/11
  1936 | D:3      | Learned a level 3 spell: Ozocubu's Armour
  2249 | D:3      | Found a faded altar of an unknown god.
  3103 | D:4      | Found a glowing drain.
  3123 | Sewer    | Entered a sewer
  3192 | Sewer    | Noticed Pargi
  3684 | D:4      | Reached skill level 6 in Ice Magic
  3890 | D:4      | Reached XP level 7. HP: 54/54 MP: 5/13
  4074 | D:5      | Entered Level 5 of the Dungeon
  4217 | D:5      | Found an ornate altar of the Wu Jian Council.
  4257 | D:5      | Found an ancient bone altar of Kikubaaqudgha.
  5426 | D:6      | Noticed a yak
  5426 | D:6      | Noticed a yak
  5426 | D:6      | Noticed a yak
  5426 | D:6      | Noticed a yak
  5446 | D:6      | Killed a yak
  5447 | D:6      | Reached skill level 5 in Fighting
  5495 | D:6      | Noticed a yak
  5519 | D:6      | Killed a yak
  5520 | D:6      | Reached skill level 5 in Spellcasting
  5520 | D:6      | Reached skill level 7 in Ice Magic
  5520 | D:6      | Reached XP level 8. HP: 63/63 MP: 6/15
  5524 | D:6      | Killed a yak
  5529 | D:6      | Noticed a yak
  5534 | D:6      | Killed a yak
  5537 | D:6      | Killed a yak
  5551 | D:6      | Killed a yak
  5552 | D:6      | Reached skill level 8 in Ice Magic
  5780 | D:6      | Noticed Menkaure
  6047 | D:5      | Reached XP level 9. HP: 50/72 MP: 11/18
  6213 | D:6      | Learned a level 2 spell: Blink
  6375 | D:6      | Killed Menkaure
  6471 | D:6      | Found a shadowy altar of Dithmenos.
  7001 | D:6      | Reached skill level 1 in Translocations
  7221 | D:7      | Found a staircase to the Ecumenical Temple.
  7235 | Temple   | Entered the Ecumenical Temple
  7248 | Temple   | Became a worshipper of Vehumet
  7370 | D:7      | Noticed Prince Ribbit
  7375 | D:7      | Killed Prince Ribbit
  7376 | D:7      | Reached skill level 9 in Ice Magic
  8053 | D:7      | Learned a level 7 spell: Ozocubu's Refrigeration
  8066 | D:7      | Found a hazy altar of Hepliaklqana.
  8381 | D:7      | Slain by a wight

Illustrated notes

Levels and vault maps discovered:
D:1:      matt_arrival_los_fun, layout_loops_cross, minmay_misc_feat_room
D:2:      layout_basic, serial_shops, nicolae_shop_mannequins, shop_coins,
          minmay_cut_off
D:3:      layout_loops_corners, nicolae_ecumenical_oubliette,
          kennysheep_cross_bottleneck, st_stairs_2, uniq_sigmund
D:4:      layout_loops_ring, portal_sewer_entry_a, kennysheep_generic_room_2
D:5:      layout_basic, nicolae_wu_jian_glorious_leap,
          lemuel_coloured_pillars_altar, chequers_serial_rivers_micro_d,
          skrybe_limestone_x
D:6:      layout_rooms, mainiacjoe_overflow_cross_hatched,
          minmay_strange_pillars, uniq_menkaure
D:7:      layout_loops_ring, mainiacjoe_overflow_brackets,
          minmay_temple_entry_butterflies, uniq_crazy_yiuf_cottage,
          uniq_prince_ribbit1
Temple:   nicolae_temple_ecumenical_triangle

Skill      XL: |  1  2  3  4  5  6  7  8  9 |
---------------+----------------------------+-----
Fighting       | 1 2 3 4 5 7 8 |  8.0
Ice Magic      | 5 6 7 8 9 |  9.2
Spellcasting   | 3 4 5 6 7 |  7.0
Translocations | 2 |  2.4
Dodging        | |  2.6
Stealth        | |  2.1

Action                     |  1- 3 |  4- 6 |  7- 9 || total
---------------------------+-------+-------+-------++-------
  Melee: Unarmed           |    19 |       |       ||    19
         Punch             |     1 |       |     3 ||     4
         Dagger            |    22 |    34 |   188 ||   244
   Cast: Freeze            |    36 |    59 |    45 ||   140
         Frozen Ramparts   |       |     9 |    38 ||    47
         Ozocubu's Armour  |       |     3 |    29 ||    32
    Use: Potion            |       |     1 |       ||     1
         Scroll            |       |       |     7 ||     7
   Stab: Sleeping          |     8 |     1 |       ||     9
 Armour: Robe              |    19 |    21 |   116 ||   156
  Dodge: Dodged            |    46 |    56 |   127 ||   229
